 Dungeon Crawl Stone Soup version 0.29-a0-664-gff9cad4a3d (webtiles) character file.

Game seed: 14783992674425379689

295 DocClef the Skirmisher (level 6, -4/37 HPs)
             Began as a Vine Stalker Fighter on June 22, 2022.
             Engulfed by a cloud of flame (26 damage)
             ... on level 3 of the Dungeon.
             The game lasted 00:03:04 (1971 turns).

DocClef the Skirmisher (Vine Stalker Fighter)       Turns: 1971, Time: 00:03:05

Health: -4/37      AC:  9    Str: 18 (20) XL:     6   Next: 34%
Magic:  0/7        EV:  9    Int:  6 (8)  God:
Gold:   194        SH:  4    Dex: 14      Spells: 5/5 levels left

rFire   . . .      SeeInvis .   a - +0 flail (vorpal)
rCold   . . .      Faith    .   c - +0 buckler
rNeg    . . .      Spirit   +   b - +0 scale mail
rPois   .          Reflect  .   g - +0 helmet
rElec   .          Harm     .   i - +0 cloak
rCorr   .          Rampage  .   n - +0 pair of gloves
Will    .....                   (no boots)
Stlth   ..........              (no amulet)
HPRegen 0.92/turn               (no ring)
MPRegen 0.10/turn               (no ring)

@: no status effects
A: fangs 2, regeneration 1, magic shield, antimagic bite, no potion heal 2
a: no special abilities


You were on level 3 of the Dungeon.
You visited 1 branch of the dungeon, and saw 3 of its levels.

You collected 194 gold pieces.

Inventory:

Hand Weapons
 a - a +0 vorpal flail (weapon)
Armour
 b - a +0 scale mail (worn)
 c - a +0 buckler (worn)
 g - a +0 helmet (worn)
 i - a +0 cloak (worn)
 n - a +0 pair of gloves (worn)
Jewellery
 j - a ring of positive energy
Potions
 d - a potion of might
 e - a potion of haste
 f - 2 potions of curing


   Skills:
 + Level 6.3 Fighting
 - Level 1.7 Maces & Flails
 - Level 2.4 Armour
 - Level 2.6 Shields


You had 5 spell levels left.
You didn't know any spells.
Your spell library contained the following spells:

 Spells                   Type           Power      Damage    Failure   Level
 Summon Small Mammal      Summ           0%         N/A       91%         1
 Ensorcelled Hibernation  Hex/Ice        0%         N/A       97%         2
 Passwall                 Tmut/Erth      0%         N/A       97%         2
 Call Canine Familiar     Summ           0%         N/A       99%         3
 Summon Guardian Golem    Hex/Summ       0%         N/A       99%         3
 Swiftness                Air            0%         N/A       99%         3


Dungeon Overview and Level Annotations

Branches:
Dungeon (3/15)

Altars:

Shops:
D:1 ([*


Innate Abilities, Weirdness & Mutations

You have extremely sharp teeth.
Your natural rate of healing is unusually fast.
When hurt, damage is shared between your health and your magic reserves.
Your bite disrupts and absorbs the magic of your enemies.
Potions cannot restore your health.


Message History

You barely miss the hobgoblin. The hobgoblin closely misses you.
You hit the hobgoblin. You bite the hobgoblin.
You kill the hobgoblin!
You hit the dart slug.
The dart slug is moderately wounded.
The dart slug misses you.
You hit the dart slug.
The dart slug is heavily wounded.
You block the dart slug's attack.
You hit the dart slug.
You kill the dart slug!
No target in view!
You now have 180 gold pieces (gained 7).
You see here a dart slug corpse.
Found an escape hatch in the ceiling.
There is an escape hatch in the ceiling here.
A hobgoblin is nearby!
A hobgoblin is nearby!
A hobgoblin is nearby!
A hobgoblin is nearby!
A hobgoblin is nearby!
The hobgoblin shouts!
You sock the hobgoblin!
You kill the hobgoblin!
No target in view!
j - a ring of positive energy You now have 194 gold pieces (gained 14).
You see here a hobgoblin corpse.
A rat comes into view.
A rat is nearby!
A rat is nearby!
A rat is nearby!
As you read the scroll labelled MAOXUI HEUSTRU, it crumbles to dust.
The creatures around you are filled with an inner flame!
It was a scroll of immolation.
The rat bites you but does no damage.
You thump the rat!
The rat explodes!
The fiery explosion engulfs you!!
You are engulfed in blazing flames.
Ouch! That really hurt!
You die...

#... ##.#####
....#####......#
#..#...#..###.#
#..#......# #.#
#>.#.<.##.# #.#
#..##.###.# #.#
#..##.#
#.###.########
## #..##.#
#.#...........
.###..##†#
#.#.#@########
......##.#
#....§§§.#
.####.##.#
#..#####.# .#
#..#.# ##. # .#
##.#.# # .#
##.#.# .#
##....# .#
#...### ## #..##


There were no monsters in sight!

Vanquished Creatures
  A black bear (D:3)
  A centaur (D:3)
  4 adders
  3 gnolls (D:2)
  2 dart slugs
  7 ball pythons
  6 endoplasms
  A giant cockroach (D:1)
  6 hobgoblins
  4 quokkas
  8 bats
  2 frilled lizards (D:2)
  6 goblins
  7 kobolds
  9 rats
67 creatures vanquished.

Notes
Turn   | Place    | Note
-------+----------+-------------------------------------------
     0 | D:1      | DocClef the Vine Stalker Fighter began the quest for the
                  | Orb.
     0 | D:1      | Reached XP level 1. HP: 11/11 MP: 2/2
    19 | D:1      | Reached skill level 3 in Fighting
    77 | D:1      | Reached XP level 2. HP: 9/16 MP: 3/3
   574 | D:1      | Found a faded altar of an unknown god.
   578 | D:1      | Found Seinnang's Weapon Shoppe.
   595 | D:1      | Found Doitz's Armour Shoppe.
   623 | D:1      | Reached XP level 3. HP: 18/21 MP: 2/4
   752 | D:1      | Found Zil Avag's Assorted Antiques.
   968 | D:2      | Reached skill level 4 in Fighting
  1063 | D:2      | Gained mutation: Your natural rate of healing is unusually
                  | fast. [Vine Stalker growth]
  1063 | D:2      | Reached XP level 4. HP: 26/26 MP: 5/5
  1555 | D:3      | Noticed a black bear
  1565 | D:3      | Killed a black bear
  1566 | D:3      | Reached skill level 5 in Fighting
  1566 | D:3      | Reached XP level 5. HP: 27/32 MP: 6/6
  1805 | D:3      | Noticed a centaur
  1818 | D:3      | Killed a centaur
  1819 | D:3      | Reached skill level 6 in Fighting
  1819 | D:3      | Reached XP level 6. HP: 7/36 MP: 5/7
  1971 | D:3      | Engulfed by a cloud of flame

Illustrated notes

Levels and vault maps discovered:
D:1:      mrwooster_arrival_arrow, layout_rooms, ebering_ecumenical_altar_mist,
          serial_shops, nicolae_shop_bloodbath_and_beyond,
          nicolae_shop_waterfront, shop
D:2:      layout_rooms
D:3:      layout_loops_ring, mainiacjoe_overflow_swirl

Skill      XL: |  1  2  3  4  5 |
---------------+----------------+-----
Fighting       | 3 4 5 6 |  6.3
Maces & Flails | |  1.7
Armour         | |  2.4
Shields        | |  2.6

Action                   |  1- 3 |  4- 6 || total
-------------------------+-------+-------++-------
Melee: Flail             |    89 |    76 ||   165
       Bite              |    14 |    18 ||    32
  Use: Scroll            |       |     9 ||     9
       Potion            |       |     2 ||     2
Armor: Scale mail        |    79 |    48 ||   127
Dodge: Dodged            |    68 |    52 ||   120
Block: Buckler           |    51 |    24 ||    75

Table legend: (Time is in decaauts)
 A = Elapsed time spent in this place.
 B = Non-inter-level travel time spent in this place.
 C = Inter-level travel time spent in this place.
 D = Time resting spent in this place.
 E = Time spent auto-exploring this place.
 F = Levels seen in this place.
 G = Mean time per level.
                   A        B        C        D        E       F      G
               +--------+--------+--------+--------+--------+-----+--------+
         Total |   2029 |   1968 |     61 |     16 |   1486 |   3 |  676.3 |
       Dungeon |   2029 |   1968 |     61 |     16 |   1486 |   3 |  676.3 |
               +--------+--------+--------+--------+--------+-----+--------+

Top non-repeatable levels by time:
     D:1: 981 daAuts
     D:2: 553 daAuts
     D:3: 494 daAuts
